AoeStats
← zhengyifan2003

Coastal Forest

510638600Analyzed
4v4 RM · 2d ago on Oct 1, 2026· 62m 5s· 8 players
Game mode
Random Map
Map size
Large (8 player)
Population
200
Speed
Normal
Resources
Standard
Victory
Conquest
Starting age
Dark Age
Ending age
Imperial Age
RankedLock teamsTeams togetherTeam positionsShared explorationLock speedFull tech treeHidden civsTurbo modeCheats
Victory
Defeat
🇸🇻 Magyars · El Salvador
1522
+12
🇪🇸 Varangians · Spain
1458
+15
🇲🇽 Tatars · Mexico
1446
+15
🇪🇸 Britons · Spain
1193
+83
🇦🇺 Wu · Australia
1446
-17
🇲🇽 Varangians · Mexico
1429
-17
🇨🇳 Italians · China
1424
-17
🇦🇷 Turks · Argentina
1417
-17
:) YO30830
5:18 Loom
9:55 Feudal Age
10:54 Double-Bit Axe
12:00 Bloodlines
11:58 Horse Collar
20:40 Castle Age
19:01 Scale Barding Armor
19:39 Forging
19:57 Gold Mining
20:47 Light Cavalry
27:06 Heavy Plow
30:40 Iron Casting
31:48 Bow Saw
31:34 Stone Mining
34:00 Chain Barding Armor
34:29 Wheelbarrow
42:11 Imperial Age
40:01 Hand Cart
42:26 Cavalier
43:09 Husbandry
43:47 Plate Barding Armor
45:24 Vendel Legacy
47:42 Conscription
47:34 Pikeman
48:14 Squires
48:17 Hussar
49:18 Halberdier
49:46 Gambesons
52:17 Two-Man Saw
93老玩家回归
10:34 Feudal Age
11:34 Double-Bit Axe
14:49 Castle Age
14:16 Fishing Lines
15:47 Wheelbarrow
14:59 Loom
16:45 Bow Saw
17:41 Gillnets
21:22 Crossbowman
22:17 Horse Collar
24:06 Hand Cart
23:45 Fletching
23:56 Padded Archer Armor
24:05 Town Watch
25:52 Thumb Ring
26:02 Bodkin Arrow
26:23 Leather Archer Armor
26:50 Gold Mining
30:24 Imperial Age
28:30 Stone Mining
29:11 Ballistics
28:31 Treadmill Crane
30:02 Masonry
31:29 Stone Shaft Mining
30:39 Arbalester
31:36 Heavy Plow
32:40 Two-Man Saw
32:32 Conscription
34:54 Chemistry
34:24 Architecture
34:58 Hoardings
35:11 Bracer
35:41 Ring Archer Armor
35:14 Elite Genoese Crossbowman
40:11 Bombard Tower
39:48 Murder Holes
53:40 Scale Barding Armor
53:46 Forging
55:47 Husbandry
56:12 Caravan
56:48 Coinage
57:40 Bloodlines
57:39 Light Cavalry
58:45 Chain Barding Armor
59:01 Iron Casting
58:25 Hussar
60:30 Plate Barding Armor
Polaco
6:41 Loom
9:34 Feudal Age
14:06 Scale Barding Armor
15:32 Forging
21:00 Castle Age
19:23 Double-Bit Axe
19:25 Horse Collar
20:16 Bloodlines
21:53 Husbandry
22:46 Chain Barding Armor
26:11 Wheelbarrow
30:28 Gold Mining
31:39 Hand Cart
36:48 Imperial Age
35:30 Iron Casting
36:18 Gold Shaft Mining
35:33 Stone Mining
36:22 Heavy Plow
37:17 Town Watch
38:37 Plate Barding Armor
37:49 Heavy Camel Rider
40:12 Conscription
39:57 Artillery
40:47 Bow Saw
44:39 Blast Furnace
[LO] King Poshcock
9:58 Feudal Age
11:21 Double-Bit Axe
12:18 Loom
18:42 Scale Barding Armor
18:26 Horse Collar
21:14 Castle Age
20:33 Gold Mining
25:15 Forging
25:37 Bloodlines
26:52 Chain Barding Armor
27:34 Husbandry
29:19 Bow Saw
32:30 Iron Casting
33:04 Wheelbarrow
34:13 Gold Shaft Mining
36:16 Hand Cart
39:02 Imperial Age
37:39 Heavy Plow
37:56 Stone Mining
40:23 Plate Barding Armor
39:22 Heavy Hei Guang Cavalry
41:38 Two-Man Saw
44:14 Blast Furnace
45:40 Conscription
45:28 Fletching
46:19 Bodkin Arrow
52:41 Ballistics
60:33 Light Cavalry
Pez4
6:15 Loom
9:24 Feudal Age
10:16 Double-Bit Axe
13:42 Town Watch
13:52 Horse Collar
16:45 Fletching
19:39 Padded Archer Armor
24:37 Castle Age
24:55 Crossbowman
25:32 Bodkin Arrow
26:09 Bow Saw
27:56 Wheelbarrow
27:54 Gold Mining
31:58 Gold Shaft Mining
32:26 Hand Cart
34:08 Ballistics
39:48 Imperial Age
38:14 Fortified Wall
40:48 Heavy Cavalry Archer
44:18 Elite Skirmisher
47:34 Bracer
47:57 Leather Archer Armor
49:44 Chemistry
52:30 Conscription
52:26 Caravan
56:20 Silk Armor
57:58 Ring Archer Armor
60:21 Guilds
60:56 Scale Barding Armor
61:04 Forging
zhengyifan2003
8:51 Feudal Age
9:22 Double-Bit Axe
11:02 Bloodlines
11:02 Horse Collar
12:25 Loom
15:16 Scale Barding Armor
17:04 Forging
23:28 Castle Age
24:18 Bow Saw
24:09 Heavy Plow
26:59 Wheelbarrow
28:26 Hand Cart
34:08 Imperial Age
32:36 Vendel Legacy
33:53 Gold Mining
34:28 Chain Barding Armor
34:44 Iron Casting
34:21 Husbandry
34:24 Cavalier
35:44 Plate Barding Armor
35:31 Conscription
37:44 Blast Furnace
38:59 Town Watch
39:55 Stone Mining
40:46 Light Cavalry
42:09 Hussar
46:26 Caravan
Anonymous
4:16 Loom
10:23 Feudal Age
16:02 Castle Age
15:52 Double-Bit Axe
16:43 Scale Barding Armor
18:08 Horse Collar
20:27 Husbandry
20:35 Husbandry
25:15 Bow Saw
25:06 Heavy Plow
27:18 Wheelbarrow
27:35 Chain Barding Armor
27:26 Bloodlines
35:17 Imperial Age
33:04 Gold Mining
33:43 Hand Cart
36:08 Gold Shaft Mining
35:17 Light Cavalry
36:54 Plate Barding Armor
36:40 Cavalier
39:49 Crop Rotation
40:21 Two-Man Saw
38:56 Paladin
40:42 Hussar
43:13 Caravan
45:17 Town Watch
49:58 Conscription
49:46 Corvinian Army
51:39 Fletching
52:13 Ballistics
52:53 Chemistry
52:17 Medium Warships
52:56 Clinker Construction
LonGhar
10:37 Feudal Age
16:05 Castle Age
18:24 Fletching
20:01 Double-Bit Axe
24:57 Horse Collar
25:02 Crossbowman
28:07 Bodkin Arrow
29:38 Wheelbarrow
30:01 Ballistics
32:51 Imperial Age
31:12 Padded Archer Armor
31:27 Elite Skirmisher
32:08 Gold Mining
32:08 Stone Mining
33:22 Leather Archer Armor
34:33 Bracer
35:36 Chemistry
36:13 Ring Archer Armor
37:49 Yeomen
38:14 Arbalester
49:27 Siege Engineers
49:08 Arrowslits
Connection lost

Rejoining the realm…

Still unreachable

The connection could not be restored.

Session expired

The server has moved on; the page needs a fresh start.